 Dungeon Crawl Stone Soup version 0.30.1-9-gdf580d7c3d (webtiles) character file.

Game seed: 16233164580477076176

3558 pop123321pop the Spear-Bearer (level 10, -5/80 HPs)
             Began as a Human Fighter on Sept 30, 2023.
             Killed by an exploding polar bear (14 damage)
             ... ignited by their inner flame
             ... on level 9 of the Dungeon.
             The game lasted 00:13:07 (9613 turns).

pop123321pop the Spear-Bearer (Human Fighter)       Turns: 9613, Time: 00:13:08

Health: -5/80      AC: 23    Str: 17    XL:     10   Next: 30%
Magic:  10/10      EV:  5    Int:  9    God:
Gold:   386        SH:  5    Dex: 16    Spells: 9/9 levels left

rFire   . . .        G - +0 trident (protect)
rCold   . . .        c - +0 buckler
rNeg    . . .        z - +0 plate armour
rPois   .            (helmet restricted)
rElec   .            (no cloak)
rCorr   .            t - +0 pair of gloves
SInv    .            w - +0 pair of boots
Will    .....        (no amulet) Stlth
                     (no ring)
HPRegen 0.33/turn    (no ring)
MPRegen 0.12/turn

%: no passive effects
@: under a protective aura
A: beak, wild magic 1
a: no special abilities


You were on level 9 of the Dungeon.
You visited 1 branch of the dungeon, and saw 9 of its levels.

You collected 386 gold pieces.

Inventory:

Hand Weapons
 B - a +2 spear of flaming
 G - a +0 trident of protection (weapon)
Missiles
 h - 3 throwing nets (quivered)
Armour
 c - a +0 buckler (worn)
 t - a +0 pair of gloves (worn)
 u - a +0 helmet
 w - a +0 pair of boots (worn)
 z - a +0 plate armour (worn)
Jewellery
 l - an amulet of reflection
 v - a ring of ice
 y - an amulet of faith
 D - a ring of fire
Wands
 j - a wand of polymorph (8)
 m - a wand of charming (7)
 F - a wand of iceblast (21)
Scrolls
 a - a scroll of enchant armour
 f - a scroll of silence {unknown}
 g - 3 scrolls of immolation
 k - 2 scrolls of noise
 n - 4 scrolls of poison
 o - 3 scrolls of fog
 r - a scroll of vulnerability
 C - a scroll of amnesia {unknown}
 E - a scroll of fear
Potions
 d - a potion of ambrosia
 e - 3 potions of brilliance
 i - 3 potions of heal wounds {unknown}
 p - 4 potions of curing
 q - 2 potions of attraction
 s - a potion of cancellation {unknown}
 A - a potion of degeneration {unknown}


   Skills:
 - Level 8.1 Fighting
 - Level 10.0 Polearms
 * Level 7.6 Armour
 - Level 3.0 Shields


You had 9 spell levels left.
You didn't know any spells.
Your spell library contained the following spells:

 Spells                   Type           Power      Damage    Failure   Level
 Ensorcelled Hibernation  Hex/Ice        0%         N/A       100%        2
 Spider Form              Tmut/Pois      0%         N/A       100%        3
 Anguish                  Hex/Necr       0%         N/A       100%        4
 Passage of Golubria      Tloc           0%         N/A       100%        4
 Silence                  Hex/Air        0%         N/A       100%        5
 Lehudib's Crystal Spear  Conj/Erth      0%         10d2      100%        8


Dungeon Overview and Level Annotations

Branches:
Dungeon (9/15)             Temple (0/1) D:4
   Lair: D:8-11         Orc: D:9-12

Altars:
Uskayaw
Wu Jian


Innate Abilities, Weirdness & Mutations

You have a beak for a mouth.
Your spells are a little harder to cast, but a little more powerful.


Message History

* * * LOW HITPOINT WARNING * * *
The polar bear claws you but does no damage. x2
You block the polar bear's attack.
The polar bear claws you but does no damage. x2
There is a stone staircase leading down here.
The polar bear bites you!
* * * LOW HITPOINT WARNING * * *
The polar bear claws you but does no damage.
The polar bear claws you.
* * * LOW HITPOINT WARNING * * *
You climb downwards.
There is a stone staircase leading up here.
Really read the scroll of immolation?
As you read the scroll of immolation, it crumbles to dust.
The creatures around you are filled with an inner flame!
You block the polar bear's attack.
The polar bear claws you but does no damage. x2
The polar bear attacks as you move away!
You block the polar bear's attack.
The polar bear claws you but does no damage.
The polar bear claws you.
* * * LOW HITPOINT WARNING * * *
Okay, then.
You closely miss the polar bear.
The polar bear is heavily wounded.
The polar bear bites you.
* * * LOW HITPOINT WARNING * * *
The polar bear barely misses you.
The polar bear claws you but does no damage.
You puncture the polar bear!
Flame seeps out of the polar bear.
Your weapon exudes an aura of protection.
The polar bear is severely wounded.
The polar bear is engulfed in blazing flames.
Flame seeps out of the polar bear.
The polar bear bites you but does no damage.
The polar bear barely misses you. x2
You hit the polar bear.
The polar bear explodes!
The fiery explosion engulfs you!
You die...

##+######
#.......#
#.......#
#.......#
#.......#
#...§§§#
#...@○§#
########


There were no monsters in sight!

Vanquished Creatures
  A two-headed ogre (D:7)
  A polar bear (D:9)
  Sigmund (D:3)
  A steam dragon (D:6)
  A water moccasin (D:4)
  An ice beast (D:5)
  2 orc warriors
  A sky beast (D:6)
  A black bear (D:6)
  3 ogres
  2 centaurs
  2 phantoms
  5 bullfrogs
  3 scorpions
  A howler monkey (D:5)
  6 hounds
  2 jellies (D:6)
  5 orc priests
  2 gnoll boudas
  5 iguanas
  Natasha (twice) (D:3)
  3 orc wizards
  Robin (D:3)
  12 gnolls
  5 adders
  A shadow imp (D:7)
  2 white imps
  An ufetubus (D:7)
  A worm (D:2)
  5 dart slugs
  27 orcs
  5 endoplasms
  3 giant cockroaches
  17 goblins
  7 hobgoblins
  4 jackals
  2 quokkas
  6 ball pythons
  9 bats
  3 frilled lizards (D:2)
  9 kobolds
  8 rats
179 creatures vanquished.

Vanquished Creatures (others)
  An orc wizard (D:7)
1 creature vanquished.

Grand Total: 180 creatures vanquished

Notes
Turn   | Place    | Note
-------+----------+-------------------------------------------
     0 | D:1      | pop123321pop the Human Fighter began the quest for the Orb.
     0 | D:1      | Reached XP level 1. HP: 18/18 MP: 1/1
   244 | D:1      | Reached XP level 2. HP: 24/24 MP: 2/2
   514 | D:1      | Reached skill level 3 in Polearms
   683 | D:1      | Reached XP level 3. HP: 29/29 MP: 3/3
  1119 | D:2      | Reached skill level 4 in Polearms
  1119 | D:2      | Reached XP level 4. HP: 35/35 MP: 4/4
  1513 | D:2      | Reached XP level 5. HP: 39/41 MP: 5/5
  1819 | D:3      | Reached skill level 5 in Polearms
  1915 | D:3      | Noticed Natasha
  1915 | D:3      | Noticed Robin
  1922 | D:3      | Killed Natasha
  1935 | D:3      | Killed Robin
  2100 | D:3      | Noticed Natasha
  2108 | D:3      | Killed Natasha
  2109 | D:3      | Reached XP level 6. HP: 38/47 MP: 6/6
  2371 | D:3      | Noticed Sigmund
  2391 | D:3      | Killed Sigmund
  2392 | D:3      | Reached skill level 6 in Polearms
  2392 | D:3      | Reached XP level 7. HP: 27/52 MP: 7/7
  2594 | D:3      | Reached skill level 7 in Polearms
  2981 | D:4      | Noticed a water moccasin
  2994 | D:4      | Killed a water moccasin
  3086 | D:4      | Reached skill level 8 in Polearms
  3312 | D:4      | Reached XP level 8. HP: 49/58 MP: 8/8
  3820 | D:4      | Found a staircase to the Ecumenical Temple.
  3820 | D:4      | Found Cuate's Distillery.
  4131 | D:4      | Reached skill level 9 in Polearms
  4615 | D:5      | Entered Level 5 of the Dungeon
  5084 | D:5      | Reached skill level 10 in Polearms
  5771 | D:6      | Reached XP level 9. HP: 52/67 MP: 9/9
  5875 | D:6      | Reached skill level 5 in Fighting
  7476 | D:6      | Found an ornate altar of the Wu Jian Council.
  8781 | D:8      | Noticed a +0 spear
  8781 | D:8      | Noticed a +0 spear
  8781 | D:8      | Noticed a +0 falchion
  8781 | D:8      | Noticed a +0 short sword
  8781 | D:8      | Noticed a two-headed ogre
  8783 | D:8      | Noticed a +0 short sword
  8783 | D:8      | Noticed a +0 falchion
  8797 | D:7      | Killed a two-headed ogre
  8798 | D:7      | Reached XP level 10. HP: 37/80 MP: 10/10
  8986 | D:8      | Noticed a +0 dagger
  8991 | D:8      | Noticed a +0 dagger
  9370 | D:8      | Found a hide-covered altar of Uskayaw.
  9601 | D:8      | Gained mutation: Your spells are a little harder to cast,
                  | but a little more powerful. [potion of mutation]
  9601 | D:8      | Gained mutation: You have a beak for a mouth. [potion of
                  | mutation]
  9613 | D:9      | Killed by an exploding polar bear... ignited by their inner
                  | flame

Illustrated notes

Levels and vault maps discovered:
D:1:      onia_arrival_pentagram, layout_basic
D:2:      layout_loops_ring, minmay_heptomino_l4
D:3:      layout_basic, uniq_natasha, uniq_sigmund, uniq_robin
D:4:      layout_loops_ring, minmay_temple_entry_trees, serial_shops, shop,
          serial_bayou_lagoon_b
D:5:      layout_basic, grunt_ministairs_10, serial_bayou_pond_c
D:6:      layout_layer_cave, mainiacjoe_overflow_six_doors_small,
          kennysheep_diamond
D:7:      layout_basic, moated_statue, corexii_checkpoint_a
D:8:      layout_rooms, okawaru_humans, nicolae_uskayaw_en_pointe, serial_ice,
          serial_ice_b, serial_ice_o, serial_ice_n, serial_ice_m,
          serial_bayou_pond_e, patterned_corridor
D:9:      layout_gridville, hellmonk_lair_entry_icy, erik_orc_1, serial_shops,
          nicolae_shop_stone, uniq_maggie

Skill      XL: |  1  2  3  4  5  6  7  8  9 10 |
---------------+-------------------------------+-----
Polearms       | 3 4 5 6 8 10 | 10.0
Fighting       | 4 8 |  8.1
Armour         | 6 7 |  7.6
Shields        | |  3.0

Action                     |  1- 3 |  4- 6 |  7- 9 | 10-12 || total
---------------------------+-------+-------+-------+-------++-------
  Melee: Trident           |   111 |   154 |   298 |    62 ||   625
         Spear             |       |       |   268 |       ||   268
         Unarmed           |       |       |       |    21 ||    21
    Use: Potion            |     1 |     1 |     4 |     3 ||     9
         Scroll            |     2 |       |    10 |     2 ||    14
 Armour: Scale mail        |    53 |    63 |   139 |       ||   255
         Skin              |       |    21 |       |     2 ||    23
         Plate armour      |       |       |    62 |    70 ||   132
  Dodge: Dodged            |    27 |    52 |   163 |    35 ||   277
  Block: Buckler           |    27 |    39 |    92 |    18 ||   176
